Zazza, neutral female human Tourist ---------- |....<...| ##.........-#%# -------.-- # --.-|----- |.........## ### ##### |..`.....| # ###### |........| # ### ------ ------.--- # ############I%I ...\..| ########## # -----# ..| --------.--- # ###.....# | ...........| # # |...|## |..........| ## #.....# |..........| ---.-- ###|...| |..........| |....| # |.... ------------ |.....##### ----- |....| |....| |.....############* ------ Zazza the Sightseer Experience level: 4 Strength: 13 Dexterity: 9 Constitution: 18 Intelligence: 10 Wisdom: 10 Charisma: 18 Health: 0(54) Energy: 14(14) Def: 11 Gold: 0 Moves: 10735 Dungeon seed: 9Ijb4BOY6DXGYx7q Game ID: Zazza_1601630828 Your Inventory: Amulets S - an uncursed amulet of ESP (being worn) Weapons a - 20 +2 darts l - 2 +0 elven daggers (wielded) Armor e - a blessed +1 dwarvish cloak (being worn) o - an uncursed +0 orcish helm (being worn) F - an uncursed +0 dwarvish mithril-coat (being worn) Y - an uncursed +0 pair of kicking boots (being worn) Wands p - a wand of striking (0:3) s - a wand of opening (0:4) J - a wand of cold (0:4) R - a wand of secret door detection (0:7) Tools k - an uncursed skeleton key v - an uncursed mirror z - an uncursed bag of holding C - an uncursed mirror I - an uncursed towel Gems n - an uncursed flint stone Contents of the bag of holding: 878 gold pieces 12 +0 darts 6 +0 silver arrows 2 uncursed eggs 8 cursed eggs 3 uncursed food rations 4 cursed food rations 2 uncursed scrolls of earth an uncursed scroll of taming an uncursed scroll of teleportation an uncursed potion of blindness 6 uncursed potions of extra healing an uncursed potion of fruit juice a blessed potion of hallucination an uncursed potion of hallucination a cursed potion of hallucination 2 uncursed potions of invisibility a cursed potion of invisibility an uncursed potion of object detection 2 uncursed potions of water a cursed ring of invisibility an uncursed ring of protection from shape changers an uncursed ring of stealth a cursed ring of teleport control a cursed wand of cold (0:3) a wand of create monster (0:11) an uncursed credit card a cursed credit card a cursed expensive camera (0:95) an expensive camera (0:82) a +0 grappling hook a +0 pick-axe a +0 pick-axe a +0 pick-axe 10 uncursed tallow candles (0:200) a cursed tallow candle (0:200) 2 uncursed wax candles (0:400) an uncursed emerald an uncursed fluorite stone an uncursed garnet stone an uncursed topaz stone an uncursed worthless piece of black glass a cursed worthless piece of black glass a cursed worthless piece of green glass 3 uncursed worthless pieces of orange glass 2 uncursed worthless pieces of violet glass a cursed worthless piece of yellowish brown glass Spells and supernatural/magical abilities: Name Level Category Fail Memory a - force bolt 1 attack 100% 90% r - remove curse 3 clerical 100% 58% H - haste self 3 escape 100% 68% W - pray for help -- divine ? -- Your skills at the end: Fighting Skills Weapon Skills dagger [Basic] dart [Basic] Spellcasting Skills Final Attributes: You were aligned. You were poison resistant. You were telepathic. You were invisible. You could teleport. You were protected. You are dead. Vanquished creatures: 3 ghosts a small mimic a dwarf king a giant spider a gnome king a bugbear a water nymph a rock mole a pony a fog cloud a yellow light 5 gnome lords 5 gnomish wizards a red naga hatchling a ghoul a straw golem a paper golem 8 giant ants 4 floating eyes a kitten 7 dwarves 3 homunculi 6 rothes 2 rabid rats 2 giant bats a monkey 3 orc zombies a dwarf zombie a wererat a werejackal 4 iguanas 3 killer bees 2 acid blobs 7 coyotes 3 hobbits 13 manes a large kobold 2 hobgoblins 6 giant rats 6 cave spiders 3 brown molds 2 yellow molds 2 green molds 26 gnomes a garter snake 2 gnome zombies 6 geckos 21 jackals 2 foxes 6 kobolds 3 goblins 9 sewer rats 14 grid bugs a bat 5 lichens 3 kobold zombies 9 newts 229 creatures vanquished. Voluntary challenges: You used a wielded weapon 43 times, starting on turn 2161. You read items or engraved 44 times, starting on turn 1132. You never genocided any monsters. You never polymorphed an object. You never changed form. You used no wishes. You never split a pudding. You wrote Elbereth's name 14 times, starting on turn 1907. You never violated your personal moral code. Dungeon overview: The Dungeons of Doom: levels 1 to 10 Level 1 a long staircase Level 2 Level 3 an armor shop stairs to The Gnomish Mines Level 4 a scroll shop, an altar to Blind Io Level 5 a fountain Level 6 a general store, an altar to Blind Io Level 7 a fountain Level 8 many fountains Level 9 a temple to Offler stairs to Sokoban Level 10 <- You were here a throne The Gnomish Mines: levels 4 to 7 Level 4 stairs to The Dungeons of Doom Level 5 Level 6 Level 7 many shops, a temple to Offler, some fountains Sokoban: Level 8 stairs to The Dungeons of Doom History has recorded: On T:1 you entered the Dungeons of Doom to retrieve the Amulet of Yendor! On T:507 you reached level 2 of The Dungeons of Doom. On T:1118 you reached level 3 of The Dungeons of Doom. On T:1633 you reached level 1 of The Gnomish Mines. On T:1797 you reached level 4 of The Dungeons of Doom. On T:2125 you reached level 5 of The Dungeons of Doom. On T:2571 you reached level 6 of The Dungeons of Doom. On T:3144 you reached level 7 of The Dungeons of Doom. On T:4347 you reached level 8 of The Dungeons of Doom. On T:6747 you reached level 2 of The Gnomish Mines. On T:7327 you reached level 3 of The Gnomish Mines. On T:7945 you reached level 4 of The Gnomish Mines. On T:8483 you advanced to experience level 2. On T:9472 you reached level 9 of The Dungeons of Doom. On T:9693 you reached level 4 of Sokoban. On T:10035 you advanced to experience level 3. On T:10355 you reached level 10 of The Dungeons of Doom. On T:10724 you advanced to experience level 4. Score breakdown: Gold: 14 ( 4000 points) Experience: 4 levels ( 9649 points) Exploration: 10 levels ( 20.00%) (12857 points) Discoveries: 12 items ( 4.03%) ( 6020 points) Valuables value: (no points given unless you survive) Artifact value: 0 ( 0 points) Variety of kills: 57 monsters ( 14.96%) (11603 points) Turncount: 10735 turns (-2483 points) Survival: died (score multiplied by 80%) Total score: 33316 Latest messages: The gnome lord wields a thonged club! You hit the gnome lord. (2x) The gnome lord swings his thonged club. The gnome lord hits! You miss the gnome lord. The gnome lord swings his thonged club. The gnome lord misses. You hit the gnome lord. The gnome lord swings his thonged club. The gnome lord hits! You hit the gnome lord. The gnome lord swings his thonged club. The gnome lord misses. You miss the gnome lord. The killer bee bumps right into you! The killer bee stings! The killer bee misses. The gnome lord swings his thonged club. The gnome lord hits! You faint from lack of food. It stings! It hits! It stings! You die... Final status: Aloha Zazza the Tourist, killed by a killer bee, while fainted from lack of food... You died in The Dungeons of Doom on dungeon level 10 with 33316 points, and 878 pieces of gold, after 10735 moves. You were level 4 with a maximum of 54 hit points when you died.